 Dungeon Crawl Stone Soup version 0.30-a0-424-g7412bad402 (webtiles) character file.

Game seed: 9066098650976456131

1191 Zonian the Magician (level 8, -1/45 HPs)
             Began as a Djinni Ice Elementalist on Dec 10, 2022.
             Was an Initiate of Ashenzari.
             Shot with an arrow by a centaur (7 damage)
             ... on level 6 of the Dungeon.
             The game lasted 00:17:44 (9912 turns).

Zonian the Magician (Djinni Ice Elementalist)       Turns: 9912, Time: 00:17:45

Health: -1/45      AC:  8    Str:  7    XL:     8   Next: 71%
Gold:   218        EV: 12    Int: 20    God:    Ashenzari [......] SH:  0 Dex: 13

rFire   + + .      SeeInvis .    v - +1 dagger (venom)
rCold   + . .      Faith    .    g - +1 buckler
rNeg    . . .      Spirit   .    a - +0 robe
rPois   ∞          Reflect  .    q - +1 helmet
rElec   .          Harm     .    n - scarf {rC+ rF+}
rCorr   +          Rampage  .    u - +1 pair of gloves
Will    .....                    (boots unavailable)
Stlth   +.........               (no amulet)
HPRegen 0.27/turn                h - ring of resist corrosion
MPRegen 0.00/turn                i - ring of ice

@: confused, flying
A: sickness immunity, fire resistance 2, cold vulnerability 1, float, innate
caster, HP casting, extra vitality 1, iridescent scales 1, frail 1, MP-powered
wands
a: Renounce Religion


You were on level 6 of the Dungeon.
You worshipped Ashenzari.
Ashenzari was noncommittal.
You visited 2 branches of the dungeon, and saw 7 of its levels.

You collected 400 gold pieces.
You spent 182 gold pieces at shops.

Inventory:

Hand Weapons
 b - a +0 dagger
 f - a +0 sling
 t - a +0 vorpal scimitar
 v - a +1 dagger of venom (weapon)
 w - a +0 long sword
 y - a +2 vampiric trident
 E - a +0 hand axe of draining
Armour
 a - a +0 robe (worn)
 d - a +0 cloak
 g - a +1 buckler (worn)
 n - a scarf of resistance (worn)
 q - a +1 helmet (worn)
 u - a +1 pair of gloves (worn)
Jewellery
 e - a ring of see invisible
 h - a ring of resist corrosion (left hand)
 i - a ring of ice (right hand)
Wands
 c - a wand of acid (5)
 x - a wand of flame (4)
Scrolls
 r - a scroll of butterflies
 A - a scroll of noise {unknown}
Potions
 j - 2 potions of flight
 k - 2 potions of ambrosia
 l - 2 potions of attraction
 o - a potion of curing {unknown}
 p - 2 potions of haste
 s - 4 potions of lignification
 B - a potion of resistance {unknown}
 C - a potion of brilliance
 D - a potion of cancellation {unknown}


   Skills:
 - Level 3.2 Dodging
 - Level 2.4 Stealth
 + Level 7.9 Spellcasting


You had 6 spell levels left.
You knew the following spells:

 Your Spells              Type           Power      Damage    Failure   Level
a - Freeze                Ice            100%       1d10      1%          1
b - Frozen Ramparts       Ice            100%       1d16      1%          3
c - Ozocubu's Armour      Ice            56%        N/A       1%          3
d - Summon Ice Beast      Ice/Summ       56%        N/A       4%          4
e - Summon Small Mammal   Summ           100%       N/A       1%          1
f - Passwall              Tmut/Erth      32%        N/A       1%          2
g - Poisonous Vapours     Pois/Air       78%        N/A       1%          2
Your spell library was empty.

Dungeon Overview and Level Annotations

Branches:
Dungeon (6/15)             Temple (1/1) D:4

Altars:
Ashenzari
Cheibriados
Dithmenos
Hepliaklqana
Makhleb
Trog
Wu Jian
Xom
Yredelemnul
Zin
The Shining One

Shops:
D:3 *

Annotations:
D:2 1 runed translucent door, Crazy Yiuf, Terence


Innate Abilities, Weirdness & Mutations

You are immune to sickness and miasma.
You are immune to poison.
Your flesh is very heat resistant. (rF++)
You are vulnerable to cold. (rC-)
You float through the air rather than walking.
You learn spells naturally, not from books.
Your magical power is your life essence.
You have superior vitality. (+4 MHP)
You are partially covered in iridescent scales. (AC +2)
You are frail. (-10% HP)
You expend health (3 HP) to strengthen your wands.


Message History

You start waiting.
You start waiting.
Done waiting.
Unknown command.
Things that are here:
a +0 flail of protection; a +0 ring mail A centaur comes into view.
A centaur is nearby!
Unknown command.
An orc warrior and 2 orc wizards come into view.
The orc warrior is wielding a +2 short sword of venom.
The orc warrior shouts!
The orc wizard shouts!
The orc wizard casts a spell at you. The puff of flame hits you. You resist.
The centaur shouts!
You hear an angry growl.
The centaur wields a +2 shortbow of freezing.
It is covered in frost.
The centaur shoots an arrow.
The arrow hits you! The arrow freezes you.
A scorpion comes into view.
The orc warrior unwields a +2 short sword of venom.
It stops dripping with poison.
The orc warrior wields a +0 arbalest.
The orc warrior shoots a bolt.
The bolt hits you.
The centaur shoots an arrow.
The arrow closely misses you.
The centaur shoots an arrow.
The arrow hits you! The arrow freezes you. The orc wizard casts a spell at you.
You easily resist.
The orc wizard points at you and mumbles some strange words.
You are confused.
The orc warrior shoots a bolt.
The bolt hits you.
* * * LOW HITPOINT WARNING * * *
It was a potion of mutation.
You feel extremely strange.
Iridescent scales grow over part of your body.
You feel frail.
You feel your magical essence link to the dungeon's wands.
The centaur shoots an arrow.
The arrow hits you.
* * * LOW HITPOINT WARNING * * *
The arrow freezes you.
* * * LOW HITPOINT WARNING * * *
The centaur shoots an arrow.
The arrow hits you!
You die...

.)...........##.######
.............##.#....#
.............##.#....#
.............##.#o...####
.............##.#.o......
.............##.#........
<............##.#.o......
...############.#....c...
...# #.@........ ...#
#.......... ...#
#.......... ...#
#....s..... ...#
#..####.... ...# #..#
.... ...# #..# ... ####
#...


You could see an orc warrior, a centaur, a scorpion and 2 orc wizards.

Vanquished Creatures
  Edmund (D:6)
  An orc warrior (D:5)
  A black bear (D:6)
  An ice beast (D:5)
  A phantom (D:5)
  A necrophage (D:3)
  2 scorpions
  A howler monkey (D:4)
  A hound (D:2)
  A gnoll bouda (D:4)
  A jelly (D:3)
  An orc priest (D:5)
  An orc wizard (D:2)
  4 iguanas
  8 gnolls
  10 adders
  3 worms (D:2)
  A dart slug (D:4)
  23 orcs
  7 ball pythons
  2 bats
  3 endoplasms
  3 giant cockroaches
  5 goblins
  6 hobgoblins
  2 jackals (D:2)
  5 kobolds
  2 quokkas
  4 frilled lizards
  2 rats (D:3)
104 creatures vanquished.

Vanquished Creatures (collateral kills)
  An orc (D:4)
1 creature vanquished.

Grand Total: 105 creatures vanquished

Notes
Turn   | Place    | Note
-------+----------+-------------------------------------------
     0 | D:1      | Zonian the Djinni Ice Elementalist began the quest for the
                  | Orb.
     0 | D:1      | Zonian set off with the following spells memorised: Freeze,
                  | Frozen Ramparts, Ozocubu's Armour, Summon Ice Beast.
     0 | D:1      | Reached XP level 1. HP: 15/15 MP: 0/0
   678 | D:1      | Reached XP level 2. HP: 8/21 MP: 0/0
  1129 | D:1      | Found a faded altar of an unknown god.
  1166 | D:1      | Reached XP level 3. HP: 22/25 MP: 0/0
  1166 | D:1      | Learned a level 1 spell: Summon Small Mammal
  1632 | D:2      | Noticed Terence
  1920 | D:2      | Reached XP level 4. HP: 29/31 MP: 0/0
  2826 | D:3      | Found a shadowy altar of Dithmenos.
  2929 | D:3      | Found a bloodstained altar of Trog.
  2983 | D:3      | Noticed a necrophage
  3011 | D:3      | Killed a necrophage
  3012 | D:3      | Reached skill level 4 in Spellcasting
  3012 | D:3      | Reached XP level 5. HP: 7/35 MP: 0/0
  3012 | D:3      | Learned a level 2 spell: Passwall
  3606 | D:3      | Found a burning altar of Makhleb.
  3678 | D:3      | You are sucked into a shaft and drop 2 floors!
  3678 | D:5      | Entered Level 5 of the Dungeon
  3694 | D:5      | Noticed a phantom
  3718 | D:5      | Reached XP level 6. HP: 30/40 MP: 0/0
  3723 | D:5      | Reached skill level 5 in Spellcasting
  3879 | D:5      | Noticed an ice beast
  4515 | D:5      | Found a broken altar of Ashenzari.
  4727 | D:5      | Reached XP level 7. HP: 22/45 MP: 0/0
  4727 | D:5      | Learned a level 2 spell: Poisonous Vapours
  4946 | D:4      | Found a staircase to the Ecumenical Temple.
  4953 | Temple   | Entered the Ecumenical Temple
  5647 | D:4      | Found an ornate altar of the Wu Jian Council.
  5814 | D:4      | Reached skill level 6 in Spellcasting
  6615 | D:3      | Found Neethahu's General Store.
  6629 | D:3      | Bought a potion of haste for 140 gold pieces
  6629 | D:3      | Bought a scroll of teleportation for 42 gold pieces
  6690 | D:3      | Found a hazy altar of Hepliaklqana.
  7450 | D:2      | Found a runed translucent door.
  7451 | D:2      | Noticed Crazy Yiuf
  8041 | D:5      | Reached XP level 8. HP: 40/50 MP: 0/0
  8261 | D:5      | Reached skill level 7 in Spellcasting
  9045 | D:5      | Became a worshipper of Ashenzari the Shackled
  9061 | D:6      | Noticed Edmund
  9077 | D:6      | HP: 1/50 [centaur/arrow (6)]
  9607 | D:6      | Killed Edmund
  9912 | D:6      | Gained mutation: You are partially covered in iridescent
                  | scales. (AC +2) [potion of mutation]
  9912 | D:6      | Gained mutation: You are frail. (-10% HP) [potion of
                  | mutation]
  9912 | D:6      | Gained mutation: You expend health (3 HP) to strengthen
                  | your wands. [potion of mutation]
  9912 | D:6      | Shot with an arrow by a centaur

Illustrated notes

Levels and vault maps discovered:
D:1:      spicycebolla_green_bress_n_ham_2, layout_loops_ring,
          nicolae_ecumenical_snake_handling
D:2:      minmay_door_path, layout_basic, uniq_terence, uniq_crazy_yiuf_cottage
D:3:      layout_basic, lemuel_crystal_altar, trog_three_pillars_becter,
          lightli_temple_of_fire, worldfamousw_hep_ancestral_shrine,
          serial_shops, shop, minmay_misc_feat_pillars
D:4:      layout_loops_ring, mainiacjoe_overflow_small_starburst,
          minmay_temple_entry_overgrown
D:5:      layout_loops_corners, nicolae_ashenzari_skybound, minmay_bent
D:6:      layout_basic, eat_drink_and_be_merry_uskayaw,
          mainiacjoe_overflow_alcove_1, nemelex_spade_bored_becter,
          kennysheep_nub, kennysheep_generic_room_8, uniq_edmund
Temple:   nicolae_temple_ecumenical_triangle

Skill      XL: |  1  2  3  4  5  6  7  8 |
---------------+-------------------------+-----
Stealth        | 2 |  2.4
Dodging        | 3 |  3.2
Spellcasting   | 4 5 6 7 |  7.9

Action                   |  1- 3 |  4- 6 |  7- 9 || total
-------------------------+-------+-------+-------++-------
Melee: Dagger            |     7 |    37 |   134 ||   178
       Scimitar          |       |     9 |       ||     9
 Fire: Sling             |       |       |     1 ||     1
 Cast: Freeze            |    47 |    30 |     9 ||    86
       Summon Small Mamm |       |     1 |     3 ||     4
       Frozen Ramparts   |       |     3 |    16 ||    19
       Passwall          |       |       |     2 ||     2
       Ozocubu's Armour  |       |       |     1 ||     1
Evoke: Wand              |       |       |     4 ||     4
  Use: Potion            |       |     2 |     2 ||     4
       Scroll            |       |    12 |     4 ||    16
 Stab: Sleeping          |     1 |     1 |     6 ||     8
Armor: Robe              |     9 |    26 |    51 ||    86
Dodge: Dodged            |    20 |    54 |    81 ||   155
Block: Buckler           |     4 |     5 |    32 ||    41

Table legend: (Time is in decaauts)
 A = Elapsed time spent in this place.
 B = Non-inter-level travel time spent in this place.
 C = Inter-level travel time spent in this place.
 D = Time resting spent in this place.
 E = Time spent auto-exploring this place.
 F = Levels seen in this place.
 G = Mean time per level.
                   A        B        C        D        E       F      G
               +--------+--------+--------+--------+--------+-----+--------+
         Total |   9921 |   9332 |    589 |   4285 |   3387 |   7 | 1417.3 |
       Dungeon |   9873 |   9294 |    579 |   4285 |   3357 |   6 | 1645.5 |
        Temple |     47 |     37 |     10 |      0 |     30 |   1 |   47.0 |
               +--------+--------+--------+--------+--------+-----+--------+

Top non-repeatable levels by time:
     D:5: 2952 daAuts
     D:3: 1840 daAuts
     D:1: 1646 daAuts
     D:2: 1600 daAuts
     D:4: 1454 daAuts
     D:6: 380 daAuts
  Temple: 47 daAuts
